 Dungeon Crawl Stone Soup version 0.31-a0-986-g5e6e4ef867 (webtiles) character file.

Game seed: 9721996312381648822

108339 quinnr the Stormcaller (level 16, -1/100 HPs)
             Began as a Tengu Air Elementalist on Nov 11, 2023.
             Was a High Priest of Vehumet.
             Slain by a caustic shrike simulacrum (10 damage)
             ... in an ice cave on Nov 16, 2023.
             The game lasted 01:24:14 (38576 turns).

quinnr the Stormcaller (Tengu Air Elementalist)    Turns: 38576, Time: 01:24:15

Health: -1/100     AC: 14    Str: 12    XL:     16   Next: 49%
Magic:  37/41      EV: 43    Int: 18    God:    Vehumet [*****.]
Gold:   429        SH:  8    Dex: 24    Spells: 3/37 levels left

rFire   + + .        l - +7 sling "Eryq" {speed, Dex+6}
rCold   . . .        Y - +2 buckler of Lies {+Blink}
rNeg    . . .        Q - +7 leather armour "Xuproxua" {Will+ Str+2 Dex+3}
rPois   +            S - +1 hat
rElec   .            U - +0 cloak
rCorr   .            t - +0 pair of gloves
SInv    .            (boots unavailable)
Will    +++..        a - amulet of regeneration
Stlth   +++          W - ring of willpower
HPRegen 1.16/turn    T - ring "Taqo" {Contam rPois rF++ MP+9 Int-4}
MPRegen 0.27/turn

%: acrobat
@: acrobatic, flying
A: beak, talons 3, evasive flight, acrobatic
a: Renounce Religion, Evoke Blink


You were in an ice cave.
You worshipped Vehumet.
Vehumet was extremely pleased with you.
You visited 5 branches of the dungeon, and saw 23 of its levels.
You also visited: Ossuary, Ice Cave and Volcano.

You collected 2108 gold pieces.
You spent 1679 gold pieces at shops.


Innate Abilities, Weirdness & Mutations

You have a beak for a mouth.
You have claws for feet.
Your magical flight helps you evade attacks. (EV +4)
You can magically evade attacks while moving or waiting.


   Skills:
 - Level 11.0 Fighting
 - Level 5.0 Ranged Weapons
 - Level 6.0 Armour
 - Level 15.0 Dodging
 - Level 4.0 Stealth
 - Level 5.0 Shields
 - Level 11.0 Spellcasting
 - Level 10.0 Conjurations
 - Level 5.0 Summonings
 - Level 7.0 Ice Magic
 - Level 15.0 Air Magic
 - Level 8.0 Poison Magic
 + Level 5.3 Evocations


You had 3 spell levels left.
You knew the following spells:

 Your Spells              Type           Power      Damage    Failure   Level
a - Airstrike             Air            29%        2d(5-21)  1%          4
f - Freezing Cloud        Conj/Ice/Air   24%        6-21      1%          5
i - Swiftness             Air            59%        N/A       1%          3
l - Summon Lightning Spi  Summ/Air       45%        N/A       1%          4
o - Olgreb's Toxic Radia  Pois           38%        N/A       1%          4
p - Poisonous Vapours     Pois/Air       100%       N/A       1%          2
X - Conjure Ball Lightni  Conj/Air       26%        3x3d7     3%          6
Y - Plasma Beam           Fire/Air       18%        2x1d29    21%         6

Your spell library contained the following spells:

 Spells                   Type           Power      Damage    Failure   Level
 Orb of Destruction       Conj           22%        9d8       38%         7
 Shock                    Conj/Air       100%       1d9       1%          1
 Cigotuvi's Dreadful Rot  Necr/Pois/Air  74%        N/A       1%          2
 Static Discharge         Conj/Air       100%       3-8/arc   1%          2
 Ozocubu's Armour         Ice            35%        N/A       1%          3
 Stone Arrow              Conj/Erth      54%        3d10      1%          3
 Sting                    Tmut/Pois      96%        1d7       2%          1
 Sandblast                Erth           18%        2d7       3%          1
 Ignite Poison            Fire/Tmut/Pois 19%        N/A       3%          3
 Ensorcelled Hibernation  Hex/Ice        44%        N/A       4%          2
 Jinxbite                 Hex            18%        N/A       19%         2
 Passwall                 Tmut/Erth      7%         N/A       19%         2
 Brom's Barrelling Bould  Conj/Erth      27%        2d5       4%          4
 Animate Armour           Summ/Erth      36%        N/A       38%         4
 Lee's Rapid Deconstruct  Erth           4%         3d5*      58%         5
 Eringya's Noxious Bog    Tmut/Pois      12%        4d6       63%         6
 Anguish                  Hex/Necr       4%         N/A       75%         4
 Animate Dead             Necr           9%         N/A       75%         4
 Summon Forest            Summ/Tloc      9%         N/A       75%         5
 Ozocubu's Refrigeration  Ice            17%        4d11      78%         7
 Borgnjor's Vile Clutch   Necr/Erth      4%         N/A       97%         5
 Death Channel            Necr           4%         N/A       100%        6
 Haunt                    Necr/Summ      9%         N/A       100%        7
 Summon Hydra             Summ           13%        N/A       100%        7
 Infestation              Necr           4%         N/A       100%        8

Inventory:

Hand Weapons
 l - the +7 sling "Eryq" (weapon) {speed, Dex+6}
   (You took it off an orc on level 4 of the Dungeon)

   Dex+6:     It affects your dexterity (+6).
 N - the +3 war axe "Beptub" {heavy, Fly rPois rC+ rN+}
   (You found it on level 8 of the Dungeon)

   rC+:       It protects you from cold.
   rPois:     It protects you from poison rN+: It protects you from negative
   energy.
   Fly:       It grants you flight.
 P - a +4 dagger
Missiles
 o - 2 throwing nets {=f}
 u - 4 javelins
 V - 5 curare-tipped darts {=f}
Armour
 t - a +0 pair of gloves (worn)
 Q - the +7 leather armour "Xuproxua" (worn) {Will+ Str+2 Dex+3}
   (You found it on level 2 of the Snake Pit)

   Str+2:     It affects your strength (+2).
   Dex+3:     It affects your dexterity (+3).
   Will+:     It increases your willpower.
 S - a +1 hat (worn)
 U - a +0 cloak (worn)
 Y - the +2 buckler of Lies (worn) {+Blink}
   (You bought it in a shop on level 1 of the Snake Pit)

   +Blink:    It lets you blink.
Magical Staves
 J - a staff of fire {!a}
 Z - a staff of conjuration {!a}
Jewellery
 a - an amulet of regeneration (around neck)
 i - a ring of protection from cold
 v - a ring of see invisible
 T - the ring "Taqo" (right hand) {Contam rPois rF++ MP+9 Int-4}
   (You acquired it on level 11 of the Dungeon)

   [ring of magical power]

   Int-4:     It affects your intelligence (-4).
   rF++:      It greatly protects you from fire.
   rPois:     It protects you from poison MP+9: It affects your magic capacity
   (+9).
   Contam:    It causes magical contamination when unequipped.
 W - a ring of willpower (left hand)
Wands
 c - a wand of digging (8)
 h - a wand of flame (27)
 j - a wand of roots (24)
 n - a wand of acid (5)
 p - a wand of paralysis (28)
 K - a wand of mindburst (28)
 X - a wand of polymorph (10)
Scrolls
 f - 4 scrolls of revelation
 g - 4 scrolls of poison
 s - 2 scrolls of fear
 x - 3 scrolls of teleportation {@r2}
 H - 2 scrolls of blinking
 R - 5 scrolls of fog
Potions
 b - 5 potions of magic
 d - 2 potions of cancellation
 e - 10 potions of curing {@q1}
 k - 3 potions of resistance
 q - 2 potions of berserk rage {!q}
 r - a potion of invisibility
 z - 4 potions of mutation
 B - a potion of haste {@q3}
 F - 7 potions of heal wounds {@q2}
 L - a potion of enlightenment
 M - 7 potions of brilliance
Miscellaneous
 C - a lightning rod (4/4)
 G - a condenser vane (inert)
 I - a phial of floods

Dungeon Overview and Level Annotations

Branches:
Dungeon (12/15)            Temple (1/1) D:4            Lair (5/5) D:9
  Swamp (0/4) Lair:3        Snake (3/4) Lair:3        Slime (0/5) Lair:4
    Orc (2/2) D:10            Elf (0/3) Orc:2       Ossuary (visited)
  IceCv (1/1)             Volcano (visited)

Altars:
Ashenzari
Cheibriados
Dithmenos
Elyvilon
Fedhas
Gozag
Hepliaklqana
Kikubaaqudgha
Makhleb
Nemelex Xobeh
Okawaru
Qazlal
Ru
Sif Muna
Trog
Uskayaw
Vehumet
Wu Jian
Xom
Yredelemnul
Zin
The Shining One
Jiyva

Shops:
D:3 *   D:7 [![[=   D:9 =   Orc:2 *:[(   Snake:1 !:[*   Snake:2 ?((*[:

Annotations:
D:10 2 runed translucent doors, niangp's ghost, novice MiBe
D:11 exclusion: downstairs
D:12 Azrael
Lair:3 2 transporters, dingleboss's ghost, journeyman OpVM
Lair:5 obsidian vault, exclusion: obsidian statue
Orc:1 2 transporters, exclusion: downstairs, Mowku's ghost, journeyman TrSh IceCv exclusion: 2 obsidian statues

.▒▒▒▒...▒▒▒▒.#
▒..▒...▒W.▒## ▒
▒▒'▒▒)⌠▒
▒...▒'▒▒ ▒...▒..
▒▒▒...▒ ▒.▒...▒
▒▒▒'▒8..▒+▒
▒.'Z@.....+
▒▒▒.8...8.▒▒▒
+.......'.▒
▒.8...8.▒▒▒
.'...........'.▒
.▒▒▒.8...8.▒▒▒.▒
▒.'.......'.
▒▒▒.8...8.▒▒▒
+.......'


You could see a caustic shrike simulacrum (ally target) and a friendly lightning
spire (summoned).


Message History

Unknown command.
Casting: Airstrike (safe; 1% risk of failure)
Confirm with . or Enter, or press ? or * to list all spells.
Aiming: Airstrike (safe; 1% risk of failure)
Press: ? - help, Dir - move target, f/p - golden dragon simulacrum
Aim: a golden dragon simulacrum (almost destroyed, empty space bonus: 6/8)
The air twists around and strikes the golden dragon simulacrum!
The golden dragon simulacrum vaporises!
Vehumet accepts your kill.
You feel your power returning.
You start resting.
Magic restored.
You reach down and open the door.
A caustic shrike simulacrum comes into view.
The caustic shrike simulacrum completely misses you.
Unknown command.
Casting: Airstrike (safe; 1% risk of failure)
Confirm with . or Enter, or press ? or * to list all spells.
An electric hum fills the air.
The caustic shrike simulacrum barely misses you.
The caustic shrike simulacrum claws you.
The caustic shrike simulacrum freezes you!!!
Unknown command.
Unknown command.
The caustic shrike simulacrum attacks as it pursues you!
The caustic shrike simulacrum claws you.
The caustic shrike simulacrum freezes you!!!
* * * LOW HITPOINT WARNING * * *
The caustic shrike simulacrum claws you!
You die...

Skill      XL: |  1  2  3  4  5  6  7  8  9 10 11 12 13 14 15 16 |
---------------+-------------------------------------------------+-----
Air Magic      | 5 6 7 8 9 10 11 12 13 15 | 15.0
Conjurations   | 2 3 4 5 6 7 8 9 10 | 10.0
Spellcasting   | 3 4 7 8 10 11 | 11.0
Ice Magic      | 1 2 4 6 7 |  7.0
Ranged Weapons | 1 4 5 |  5.0
Fighting       | 3 4 6 7 9 11 | 11.0
Dodging        | 4 6 12 13 15 | 15.0
Stealth        | 4 |  4.0
Poison Magic   | 3 4 5 8 |  8.0
Shields        | 5 |  5.0
Summonings     | 5 |  5.0
Armour         | 3 6 |  6.0
Evocations     | 5 |  5.3

Action                     |  1- 3 |  4- 6 |  7- 9 | 10-12 | 13-15 | 16-18 || total
---------------------------+-------+-------+-------+-------+-------+-------++-------
  Melee: Unarmed           |     2 |     2 |       |       |       |       ||     4
         Kick              |       |     1 |       |       |       |       ||     1
   Fire: Sling             |       |       |   100 |   289 |   321 |    55 ||   765
   Cast: Shock             |    77 |   118 |     6 |     5 |       |       ||   206
         Airstrike         |       |     2 |    80 |   128 |   413 |   110 ||   733
         Freezing Cloud    |       |       |     1 |    25 |    93 |    18 ||   137
         Poisonous Vapours |       |       |       |    68 |   120 |       ||   188
         Swiftness         |       |       |       |     3 |    15 |     2 ||    20
         Olgreb's Toxic Ra |       |       |       |       |    32 |     2 ||    34
         Summon Lightning  |       |       |       |       |    45 |    17 ||    62
         Conjure Ball Ligh |       |       |       |       |       |     1 ||     1
  Evoke: Condenser vane    |       |       |       |     1 |       |     1 ||     2
         Wand              |       |       |       |       |     1 |     1 ||     2
    Use: Scroll            |       |     2 |     3 |    18 |     7 |     4 ||    34
         Potion            |       |       |       |     3 |       |       ||     3
 Armour: Robe              |     6 |    15 |    24 |    84 |   126 |       ||   255
         Leather armour    |       |       |       |       |     7 |    39 ||    46
  Dodge: Dodged            |    31 |    44 |    52 |   234 |   402 |    59 ||   822
  Block: Buckler           |       |       |       |       |    99 |    16 ||   115

Levels and vault maps discovered:
D:1:      matt_arrival_refuge, layout_basic
D:2:      minmay_spotlight, layout_rooms, basic_ecumenical_altar, basic_altar,
          patterned_corridor
D:3:      minmay_evil_eye, layout_rooms, serial_shops,
          nicolae_shop_window_shopping, nicolae_eternal_life
D:4:      layout_basic, mainiacjoe_overflow_brackets,
          minmay_temple_entry_from_below_a, minmay_starry_boxes,
          uniq_crazy_yiuf_cottage
D:5:      layout_rooms, lemuel_doored_altar, uniq_sigmund
D:6:      layout_loops_ring, nicolae_overflow_hidden_temple, nzn_random_ring
D:7:      minmay_the_grid_octo_triangle [minmay_the_grid_octo_toaster,
          minmay_the_grid_octo_prize_big_c, minmay_the_grid_octo_thin_diamonds],
          layout_basic, serial_shops, kennysheep_mini_moat,
          nicolae_shop_real_fake_doors, nicolae_shop_advertising_works
          [nicolae_subvault_shop_adworks], shop, nicolae_shop_mannequins,
          uniq_duvessa
D:8:      lemuel_ratsnest, layout_basic, pf_just_have_faith,
          nicolae_ossuary_entry_monument, uniq_joseph
D:9:      layout_basic, lightli_temple_of_fire, erik_lair_orcish_takeover,
          serial_shops, nicolae_shop_tiny_real_fake_doors
D:10:     layout_roguey, elyvilon_altar_4, grunt_gozag_statues,
          muffindrake_ghost_dual_entry, chequers_serial_rivers_small_3,
          serial_bayou_pond_c, chequers_avenue
D:11:     layout_loops_ring
D:12:     layout_irregular_city, nicolae_trove_entry_crossroad,
          minmay_misc_feat_columns, uniq_rupert, uniq_nergalle, uniq_azrael
Temple:   minmay_temple_curvy_branch
Lair:1:   dreamdust_cave_troll, layout_gridlike, basic_altar, minivault_26,
          beast_lair_carwin_6, serial_bayou_shore_b
Lair:2:   layout_regular_city
Lair:3:   layout_roguey, swamp_mist, minmay_snake_entry_guardpost_small,
          nzn_ghost_randoct, uniq_sonja
Lair:4:   layout_roguey, dpeg_slime_entry_corner, nicolae_volcano_entry_s_turn,
          pdpol_lair_neglected_garden, chequers_serial_rivers_micro_d
Lair:5:   due_jungle_book, layout_loops_ring, special_room [special_room_bee],
          nicolae_lair_yak_garden
Snake:1:  layout_chambers, minmay_shop_grid_forest, lemuel_fruit_tree,
          grunt_megastairs_3
Snake:2:  layout_gridlike, serial_shops, shop, nicolae_shop_behind_doors,
          nicolae_shop_tiny_real_fake_doors, nicolae_shop_just_a_little_nook,
          minmay_shoptagon
Snake:3:  onia_ninara_swampy_vault, layout_misc_corridors,
          portal_ice_cave_entry_pillars_four, basic_altar,
          nicolae_snake_snake_lake
Orc:1:    minmay_goldmine, layout_caves, basic_altar,
          gammafunk_ghost_stat_death, nicolae_orc_sculptors_studio,
          nicolae_orc_lost_temple
Orc:2:    grunt_orc_gardens, layout_caves, grunt_orc_garden, grunt_orc_garden,
          grunt_orc_garden, grunt_orc_garden
IceCv:    ice_cave_tombish

Notes
Turn   | Place    | Note
-------+----------+-------------------------------------------
     0 | D:1      | quinnr the Tengu Air Elementalist began the quest for the
                  | Orb.
     0 | D:1      | Reached XP level 1. HP: 10/10 MP: 4/4
   292 | D:1      | Reached XP level 2. HP: 15/15 MP: 1/6
   976 | D:2      | Found a faded altar of an unknown god.
  1247 | D:2      | Reached XP level 3. HP: 19/19 MP: 4/7
  1263 | D:2      | Reached skill level 5 in Air Magic
  1322 | D:2      | Found a shimmering altar of Xom.
  1536 | D:2      | Reached skill level 2 in Conjurations
  2095 | D:3      | Reached XP level 4. HP: 24/24 MP: 4/8
  2746 | D:3      | Found Kojesaugh's General Store.
  2851 | D:4      | Reached skill level 6 in Air Magic
  2945 | D:3      | Reached skill level 3 in Conjurations
  2945 | D:3      | Reached XP level 5. HP: 20/28 MP: 6/10
  2983 | D:4      | Reached skill level 3 in Spellcasting
  3042 | D:4      | Learned a level 5 spell: Freezing Cloud
  3162 | D:4      | Noticed an ogre
  3185 | D:4      | Killed an ogre
  3186 | D:4      | Reached skill level 1 in Ice Magic
  3186 | D:4      | Reached skill level 7 in Air Magic
  3186 | D:4      | Reached XP level 6. HP: 12/32 MP: 3/11
  3332 | D:4      | Learned a level 4 spell: Airstrike
  3428 | D:4      | Found a shimmering altar of Xom.
  3502 | D:4      | Found a staircase to the Ecumenical Temple.
  3683 | D:4      | Reached skill level 4 in Conjurations
  3953 | D:4      | Identified the +7 sling "Eryq" {speed, Dex+6}
  3970 | D:4      | Noticed a black bear
  4006 | D:4      | Killed a black bear
  4007 | D:4      | Reached skill level 2 in Ice Magic
  4007 | D:4      | Reached skill level 8 in Air Magic
  4007 | D:4      | Gained mutation: Your magical flight helps you evade
                  | attacks. (EV +4) [Tengu growth]
  4007 | D:4      | Reached XP level 7. HP: 28/36 MP: 2/12
  4389 | D:4      | Found a runed translucent door.
  4390 | D:4      | Noticed Crazy Yiuf
  4437 | D:5      | Entered Level 5 of the Dungeon
  4473 | D:5      | Reached skill level 1 in Ranged Weapons
  4473 | D:5      | Reached skill level 5 in Conjurations
  4692 | D:5      | Reached skill level 9 in Air Magic
  4692 | D:5      | Reached XP level 8. HP: 41/41 MP: 4/13
  4761 | D:5      | Noticed Sigmund
  4795 | D:5      | Killed Sigmund
  4796 | D:5      | Reached skill level 2 in Ranged Weapons
  4796 | D:5      | Reached skill level 3 in Ice Magic
  4957 | D:5      | Found a radiant altar of Vehumet.
  4966 | D:5      | Became a worshipper of Vehumet
  5204 | D:5      | Reached skill level 6 in Conjurations
  5393 | D:5      | Reached skill level 3 in Ranged Weapons
  5393 | D:5      | Reached skill level 10 in Air Magic
  5914 | Temple   | Entered the Ecumenical Temple
  6128 | D:6      | Reached skill level 4 in Ranged Weapons
  6128 | D:6      | Reached skill level 4 in Ice Magic
  6128 | D:6      | Reached XP level 9. HP: 32/45 MP: 0/14
  6223 | D:6      | Reached skill level 11 in Air Magic
  6692 | D:6      | Reached skill level 5 in Ranged Weapons
  6822 | D:6      | Reached skill level 5 in Ice Magic
  7061 | D:6      | Reached * piety under Vehumet
  7061 | D:6      | Offered knowledge of Magic Dart by Vehumet.
  7497 | D:6      | Reached skill level 6 in Ice Magic
  7629 | D:6      | Reached skill level 1 in Fighting
  7714 | D:6      | Found a stormy altar of Qazlal.
  7716 | D:6      | Found a broken altar of Ashenzari.
  8102 | D:6      | Reached skill level 3 in Dodging
  8157 | D:6      | Reached skill level 3 in Stealth
  8158 | D:6      | Reached skill level 2 in Fighting
  8438 | D:6      | Reached skill level 3 in Fighting
  8438 | D:6      | Reached skill level 4 in Dodging
  8438 | D:6      | Reached skill level 4 in Stealth
  8438 | D:6      | Reached XP level 10. HP: 56/56 MP: 1/15
  8743 | D:6      | Reached skill level 5 in Dodging
  8884 | D:7      | Found Zotz's Jewellery Shoppe.
  8887 | D:7      | Bought a ring of see invisible for 240 gold pieces
  8939 | D:7      | Reached skill level 4 in Fighting
  8942 | D:7      | Learned a level 2 spell: Poisonous Vapours
  9361 | D:7      | Found Giopug's Armour Emporium.
  9361 | D:7      | Noticed an animated gold dragon scales
  9363 | D:7      | Identified +0 pearl dragon scales
  9363 | D:7      | Noticed an animated pearl dragon scales
  9376 | D:7      | Found Falasol's Distillery.
  9377 | D:7      | Noticed Duvessa
  9377 | D:7      | Noticed Dowan
  9386 | D:7      | Killed Dowan
  9395 | D:7      | Killed Duvessa
  9511 | D:7      | Bought a potion of curing for 33 gold pieces
  9511 | D:7      | Bought a potion of heal wounds for 55 gold pieces
  9694 | D:7      | Noticed a white ugly thing
  9694 | D:7      | Noticed a brown ugly thing
  9731 | D:7      | Killed a white ugly thing
  9732 | D:7      | Reached skill level 1 in Poison Magic
  9824 | D:7      | Killed a brown ugly thing
  9825 | D:7      | Reached skill level 2 in Poison Magic
 10103 | D:7      | Reached skill level 7 in Conjurations
 10504 | D:7      | Reached skill level 6 in Dodging
 10864 | D:7      | Found Xiugh's Armour Emporium.
 11058 | D:7      | Identified the +6 great mace "Pyentuvu" {venom, Fly Int+3}
 11181 | D:7      | Found Muataq's Armour Emporium.
 11276 | D:8      | Found a sand-covered staircase.
 11283 | Ossuary  | Entered an ossuary
 11288 | Ossuary  | Learned a level 3 spell: Swiftness
 11584 | Ossuary  | Reached ** piety under Vehumet
 11585 | Ossuary  | Reached skill level 3 in Poison Magic
 11586 | Ossuary  | Offered knowledge of Sandblast by Vehumet.
 12206 | D:8      | Identified the +3 war axe "Beptub" {heavy, Fly rPois rC+
                  | rN+}
 12224 | D:8      | Found a blossoming altar of Fedhas.
 12278 | D:8      | Reached XP level 11. HP: 61/61 MP: 12/16
 12419 | D:8      | Noticed Joseph
 12742 | D:8      | Noticed a two-headed ogre
 12776 | D:8      | Killed a two-headed ogre
 12777 | D:8      | Reached skill level 7 in Dodging
 12777 | D:8      | Reached skill level 8 in Conjurations
 12777 | D:8      | Reached skill level 7 in Ice Magic
 12777 | D:8      | Reached skill level 12 in Air Magic
 12777 | D:8      | Reached skill level 4 in Poison Magic
 12925 | D:8      | Offered knowledge of Hailstorm by Vehumet.
 12972 | D:8      | Reached *** piety under Vehumet
 13363 | D:8      | Offered knowledge of Stone Arrow by Vehumet.
 13739 | D:8      | Identified 3 potions of resistance
 13740 | D:8      | Identified a potion of experience
 13741 | D:8      | Reached skill level 12 in Dodging
 13741 | D:8      | Reached XP level 12. HP: 29/65 MP: 8/17
 14083 | D:9      | Found Erunipt's Jewellery Shop.
 14192 | D:9      | Noticed a two-headed ogre
 14198 | D:9      | Killed a two-headed ogre
 14337 | D:8      | Reached skill level 5 in Fighting
 14437 | D:8      | Killed Joseph
 15042 | D:9      | Reached **** piety under Vehumet
 15052 | D:9      | Found a staircase to the Lair.
 15279 | D:9      | Found a burning altar of Makhleb.
 15534 | D:9      | Offered knowledge of Dazzling Flash by Vehumet.
 15677 | D:10     | Entered Level 10 of the Dungeon
 15678 | D:10     | Found a white marble altar of Elyvilon.
 15699 | D:10     | Found a runed translucent door.
 15707 | D:10     | Noticed a stone giant
 15709 | D:10     | Noticed a lich
 15713 | D:10     | Noticed niangp's ghost (novice MiBe)
 15717 | D:10     | Found a runed translucent door.
 15727 | D:10     | Identified the +3 falchion of Recklessness {vamp, Int+4}
 15881 | D:10     | Found an opulent altar of Gozag.
 16169 | D:10     | Noticed a two-headed ogre
 16172 | D:10     | Killed a two-headed ogre
 16173 | D:10     | Reached skill level 6 in Fighting
 16387 | D:10     | Found a staircase to the Orcish Mines.
 17319 | D:11     | Reached skill level 4 in Spellcasting
 17319 | D:11     | Reached skill level 5 in Poison Magic
 17495 | D:11     | Reached skill level 9 in Conjurations
 17737 | D:11     | Noticed a two-headed ogre
 17753 | D:11     | Killed a two-headed ogre
 18007 | D:11     | Noticed a two-headed ogre
 18017 | D:11     | Killed a two-headed ogre
 18018 | D:11     | Reached XP level 13. HP: 76/76 MP: 7/20
 18319 | D:12     | Noticed Azrael
 18445 | D:11     | Identified a scroll of acquirement
 18445 | D:11     | Identified the of Bujuru (You acquired it on level 11 of
                  | the Dungeon)
 18445 | D:11     | Acquired the ring "Taqo" {Contam rPois rF++ MP+9 Int-4}
 18886 | D:4      | Killed Crazy Yiuf
 19123 | D:10     | Learned a level 4 spell: Olgreb's Toxic Radiance
 19199 | Lair:1   | Entered Level 1 of the Lair of Beasts
 19258 | Lair:1   | Reached skill level 6 in Poison Magic
 19500 | Lair:1   | Reached skill level 7 in Poison Magic
 20041 | Lair:1   | Reached skill level 8 in Poison Magic
 20364 | Lair:1   | Found a hide-covered altar of Uskayaw.
 20397 | Lair:1   | Reached skill level 7 in Fighting
 21215 | Orc:1    | Entered Level 1 of the Orcish Mines
 21248 | Orc:1    | Reached skill level 13 in Dodging
 21299 | Orc:1    | Found a transporter.
 21303 | Orc:1    | Noticed Mowku's ghost (journeyman TrSh)
 21325 | Orc:1    | Reached ***** piety under Vehumet
 21325 | Orc:1    | Offered knowledge of Conjure Ball Lightning by Vehumet.
 21662 | Orc:1    | Found a transporter.
 21897 | Orc:1    | Reached skill level 5 in Spellcasting
 22388 | Orc:2    | Entered Level 2 of the Orcish Mines
 22392 | Orc:2    | Noticed an orc warlord
 22661 | Orc:2    | Killed an orc warlord
 22662 | Orc:2    | Reached skill level 6 in Spellcasting
 23111 | Orc:1    | Learned a level 6 spell: Conjure Ball Lightning
 23122 | Orc:2    | Reached skill level 7 in Spellcasting
 23281 | Orc:2    | Reached skill level 13 in Air Magic
 23464 | Orc:2    | Found a staircase to the Elven Halls.
 23472 | Orc:2    | Found Qexzaz's Book Emporium.
 24023 | Orc:2    | Bought a book of Iron for 416 gold pieces
 24105 | Orc:2    | Found Foll's Antique Weapon Emporium.
 24187 | Orc:2    | Found Iteehuh's Antique Armour Shop.
 24196 | Orc:2    | Bought a shiny buckler for 180 gold pieces
 24218 | Orc:2    | Found Ruan's General Store.
 24515 | Lair:2   | Reached XP level 14. HP: 83/83 MP: 6/25
 24516 | Lair:2   | Reached skill level 14 in Air Magic
 24726 | Lair:2   | You are sucked into a shaft and drop 1 floor!
 24787 | Lair:3   | Found a transporter.
 24801 | Lair:3   | Reached skill level 1 in Shields
 24824 | Lair:3   | Noticed dingleboss's ghost (journeyman OpVM)
 25468 | Lair:2   | Reached skill level 2 in Shields
 26167 | Lair:2   | Reached skill level 3 in Shields
 26237 | Lair:3   | Found a staircase to the Swamp.
 26245 | Lair:3   | Noticed Sonja
 26248 | Lair:3   | Killed Sonja
 26850 | Lair:3   | Reached skill level 8 in Spellcasting
 26915 | Lair:3   | Reached skill level 4 in Shields
 27008 | Lair:3   | Offered knowledge of Fireball by Vehumet.
 27086 | Lair:3   | Found a staircase to the Snake Pit.
 27105 | Lair:3   | Found a transporter.
 27527 | Lair:3   | Learned a level 4 spell: Summon Lightning Spire
 27635 | Lair:3   | Reached skill level 1 in Summonings
 27658 | Lair:4   | Reached skill level 2 in Summonings
 27807 | Lair:4   | Found a dark tunnel.
 27821 | Volcano  | Entered a volcano
 28176 | Volcano  | Reached skill level 5 in Shields
 28407 | Lair:4   | Reached skill level 3 in Summonings
 28452 | Lair:4   | Reached skill level 4 in Summonings
 28608 | Lair:4   | Reached skill level 5 in Summonings
 28684 | Lair:4   | Reached skill level 15 in Air Magic
 28696 | Lair:4   | Reached skill level 8 in Fighting
 28922 | Lair:4   | Found a viscous altar of Jiyva.
 28922 | Lair:4   | Found a staircase to the Slime Pits.
 29349 | Lair:5   | Entered Level 5 of the Lair of Beasts
 29801 | Lair:4   | Reached skill level 9 in Fighting
 29909 | Lair:5   | Reached XP level 15. HP: 90/90 MP: 10/28
 29913 | Lair:5   | Reached skill level 14 in Dodging
 29982 | Lair:5   | Offered knowledge of Starburst by Vehumet.
 31161 | Lair:5   | Reached skill level 10 in Fighting
 31849 | Lair:5   | Reached skill level 15 in Dodging
 32434 | Lair:5   | Reached skill level 11 in Fighting
 33175 | Snake:1  | Entered Level 1 of the Snake Pit
 33183 | Snake:1  | Offered knowledge of Plasma Beam by Vehumet.
 33317 | Snake:1  | Reached skill level 9 in Spellcasting
 33923 | Snake:1  | Reached skill level 10 in Spellcasting
 34223 | Snake:1  | You are sucked into a shaft and drop 1 floor!
 34232 | Snake:2  | Found Cuac's Weapon Shop.
 34242 | Snake:2  | Found Socwuacs's Magic Scroll Shop.
 34244 | Snake:2  | Identified the +7 leather armour "Xuproxua" {Will+ Str+2
                  | Dex+3}
 34318 | Snake:1  | Learned a level 6 spell: Plasma Beam
 34398 | Snake:1  | Reached skill level 1 in Armour
 34857 | Snake:1  | Reached skill level 2 in Armour
 34970 | Snake:1  | Reached skill level 3 in Armour
 35099 | Snake:1  | Reached XP level 16. HP: 100/100 MP: 31/31
 35201 | Snake:1  | Found Goawn's Book Emporium.
 35203 | Snake:1  | Found Tuhunauco's Distillery.
 35204 | Snake:1  | Found Mylo's Assorted Antiques.
 35205 | Snake:1  | Found Xiawk's Antique Armour Emporium.
 35212 | Snake:1  | Bought a glowing hat for 210 gold pieces
 35220 | Snake:1  | Bought a smoking buckler for 228 gold pieces
 35220 | Snake:1  | Identified the +2 buckler of Lies {+Blink} (You bought it
                  | in a shop on level 1 of the Snake Pit)
 35220 | Snake:1  | Bought a pair of gloves for 108 gold pieces
 35243 | Snake:1  | Bought a potion of heal wounds for 85 gold pieces
 35759 | Snake:2  | Found Neicri Mosu's Book Boutique.
 35810 | Snake:2  | Reached skill level 1 in Evocations
 36077 | Snake:2  | Found Avo Goc's Armour Shoppe.
 36143 | Snake:2  | Reached skill level 4 in Armour
 36144 | Snake:2  | Reached skill level 2 in Evocations
 36314 | Snake:2  | Reached skill level 10 in Conjurations
 36547 | Snake:2  | Reached skill level 11 in Spellcasting
 36729 | Snake:2  | Bought a scroll of identify for 32 gold pieces
 36731 | Snake:2  | Bought a scroll of identify for 32 gold pieces
 36784 | Snake:2  | Reached skill level 3 in Evocations
 36954 | Snake:2  | Offered knowledge of Orb of Destruction by Vehumet.
 36955 | Snake:2  | Reached skill level 5 in Armour
 37249 | Snake:2  | Found Kalad's Assorted Antiques.
 37253 | Snake:2  | Found Ciecu's Antique Weapon Boutique.
 37689 | Snake:1  | Bought a scroll of identify for 60 gold pieces
 37793 | Snake:3  | Reached skill level 4 in Evocations
 37887 | Snake:3  | Found a frozen archway.
 37893 | IceCv    | Entered an ice cave
 37970 | IceCv    | Reached skill level 6 in Armour
 38388 | IceCv    | Reached skill level 5 in Evocations
 38576 | IceCv    | HP: 9/100 [caustic shrike simulacrum (44)]
 38576 | IceCv    | Slain by a caustic shrike simulacrum

Vanquished Creatures
  An orc warlord (Orc:2)
  2 dire elephants (Lair:5)
  5 anacondas
  6 death yaks
  2 catoblepae
  6 naga warriors
  6 two-headed ogres
  3 orc high priests
  A boulder beetle (Lair:4)
  3 shock serpents
  Sonja (Lair:3)
  3 naga sharpshooters
  A spectral death yak (Lair:5)
  A deep troll (Lair:1)
  2 skysharks
  A spectral anaconda (Lair:5)
  A spriggan simulacrum (IceCv)
  3 bog bodies (IceCv)
  2 naga ritualists (Snake:1)
  4 necromancers (Lair:5)
  5 orc knights (Orc:2)
  3 mana vipers (Snake:1)
  An orc sorcerer (Orc:1)
  3 ugly things
  A cyclops (D:11)
  A dire elephant zombie (Lair:5)
  20 elephants
  4 salamanders (Snake:1)
  A guardian serpent (Snake:2)
  22 black mambas
  Joseph (D:8)
  11 cane toads
  6 naga magi
  9 komodo dragons
  An unseen horror (D:11)
  2 freezing wraiths (IceCv)
  4 rime drakes
  An efreet (Volcano)
  A queen bee (Lair:4)
  2 golden dragon simulacra (IceCv)
  3 meliai (Lair:5)
  5 trolls
  4 polar bears
  9 blink frogs
  5 dream sheep (Lair:4)
  A spectral elephant (Lair:5)
  A slime creature (D:7)
  Sigmund (D:5)
  A shadow (D:6)
  5 wyverns
  A wraith (D:10)
  2 basilisks
  3 fire elementals (Volcano)
  31 yaks
  A steam dragon (Lair:2)
  A minotaur simulacrum (IceCv)
  6 wargs
  A harpy simulacrum (IceCv)
  2 spectral cane toads (Lair:5)
  An acid dragon (D:10)
  27 nagas
  12 water moccasins
  Duvessa (D:7)
  5 sky beasts
  30 orc warriors
  10 black bears
  An elephant zombie (Lair:5)
  3 ettin simulacra (IceCv)
  7 ogres
  An elephant skeleton (Lair:5)
  13 wolves
  3 centaurs
  A phantom (D:5)
  3 kobold brigands
  4 elf zombies (Ossuary)
  15 bullfrogs
  4 scorpions
  A deep troll simulacrum (IceCv)
  16 wights
  Dowan (D:7)
  21 killer bees
  An elephant simulacrum (Lair:5)
  9 howler monkeys
  5 centaur zombies (Ossuary)
  5 jellies
  12 orc priests
  3 gnoll boudas
  3 human zombies (Ossuary)
  5 hounds
  Crazy Yiuf (D:4)
  3 sleepcaps
  25 orc wizards
  7 iguanas
  13 hell rats
  3 mummies (Ossuary)
  12 gnolls
  2 river rats (D:8)
  6 adders
  2 shadow imps
  4 white imps
  4 worms
  A dart slug (D:2)
  61 orcs
  3 bats
  3 endoplasms
  3 giant cockroaches
  6 goblins
  6 hobgoblins
  3 jackals (D:2)
  21 kobolds
  10 quokkas
  12 ball pythons
  2 frilled lizards
  18 rats
690 creatures vanquished.

Vanquished Creatures (collateral kills)
  2 anacondas (Snake:1)
  A catoblepas (Lair:4)
  2 death yaks (Lair:4)
  A naga sharpshooter (Snake:2)
  2 skysharks (Lair:5)
  A naga ritualist (Snake:2)
  4 black mambas
  A torpor snail (Lair:5)
  An elephant (Lair:5)
  2 cane toads
  A golden dragon simulacrum (IceCv)
  A freezing wraith (IceCv)
  A basilisk (Lair:4)
  5 yaks (Lair:5)
  3 nagas
  2 water moccasins
  A black bear (Lair:4)
  A cane toad simulacrum (Lair:5)
32 creatures vanquished.

Vanquished Creatures (others)
  2 ball lightnings (IceCv)
2 creatures vanquished.

Grand Total: 724 creatures vanquished

Table legend: (Time is in decaauts)
 A = Elapsed time spent in this place.
 B = Non-inter-level travel time spent in this place.
 C = Inter-level travel time spent in this place.
 D = Time resting spent in this place.
 E = Time spent auto-exploring this place.
 F = Levels seen in this place.
 G = Mean time per level.
                   A        B        C        D        E       F      G
               +--------+--------+--------+--------+--------+-----+--------+
         Total |  38459 |  35928 |   2531 |   6220 |  24135 |  26 | 1479.2 |
       Dungeon |  18714 |  17004 |   1710 |   2205 |  12350 |  12 | 1559.5 |
        Temple |     25 |     25 |      0 |      0 |     24 |   1 |   25.0 |
          Lair |  10199 |   9736 |    463 |   2042 |   6043 |   5 | 2039.8 |
     Snake Pit |   4483 |   4223 |    260 |    203 |   3461 |   3 | 1494.3 |
  Orcish Mines |   3202 |   3107 |     95 |    949 |   1731 |   2 | 1601.0 |
       Ossuary |    648 |    648 |      0 |    211 |    190 |   1 |  648.0 |
      Ice Cave |    678 |    678 |      0 |    499 |     64 |   1 |  678.0 |
       Volcano |    507 |    507 |      0 |    111 |    272 |   1 |  507.0 |
               +--------+--------+--------+--------+--------+-----+--------+

Top non-repeatable levels by time:
  Lair:5: 3368 daAuts
     D:7: 2941 daAuts
     D:6: 2657 daAuts
 Snake:1: 2570 daAuts
   Orc:1: 2151 daAuts
     D:8: 1989 daAuts
  Lair:1: 1916 daAuts
     D:4: 1894 daAuts
 Snake:2: 1871 daAuts
  Lair:2: 1773 daAuts
     D:5: 1678 daAuts
  Lair:3: 1622 daAuts
    D:10: 1585 daAuts
     D:9: 1539 daAuts
  Lair:4: 1518 daAuts

Table legend:
 A = Non-vault XP
 B = Vault XP
 C = Vault XP percentage of total XP
 D = Non-vault monster count
 E = Vault monster count
 F = Vault count percentage of total count
                 A         B        C        D         E       F
            +---------+---------+-------+---------+---------+-------
      Total |   98036 |   46512 |  32.2 |     490 |     232 |  32.1
            +---------+---------+-------+---------+---------+-------
        D:1 |      17 |       0 |   0.0 |      10 |       0 |   0.0
        D:2 |      53 |       6 |  10.2 |      23 |       3 |  11.5
        D:3 |     118 |       3 |   2.5 |      17 |       1 |   5.6
        D:4 |     311 |     353 |  53.2 |      27 |       8 |  22.9
        D:5 |    1301 |     214 |  14.1 |      18 |       1 |   5.3
        D:6 |    1271 |    1503 |  54.2 |      21 |      19 |  47.5
        D:7 |     842 |    2579 |  75.4 |      19 |      15 |  44.1
        D:8 |    1844 |     918 |  33.2 |      28 |      32 |  53.3
        D:9 |    2540 |     609 |  19.3 |      21 |       8 |  27.6
       D:10 |    3203 |       0 |   0.0 |      16 |       0 |   0.0
       D:11 |    3417 |       0 |   0.0 |       6 |       0 |   0.0
       D:12 |     911 |       0 |   0.0 |       5 |       0 |   0.0
     Lair:1 |    4781 |    2722 |  36.3 |      25 |       8 |  24.2
     Lair:2 |    6081 |       0 |   0.0 |      30 |       0 |   0.0
     Lair:3 |    8936 |    1101 |  11.0 |      25 |       3 |  10.7
     Lair:4 |   10795 |     659 |   5.8 |      26 |       4 |  13.3
     Lair:5 |   10452 |   17982 |  63.2 |      37 |      53 |  58.9
    Snake:1 |   19579 |    1798 |   8.4 |      43 |       4 |   8.5
    Snake:2 |   15353 |       0 |   0.0 |      34 |       0 |   0.0
    Snake:3 |    2360 |       0 |   0.0 |       5 |       0 |   0.0
      Orc:1 |    3272 |    1322 |  28.8 |      38 |      12 |  24.0
      Orc:2 |     599 |    7390 |  92.5 |      16 |      26 |  61.9
    Ossuary |       0 |     793 | 100.0 |       0 |      15 | 100.0
      IceCv |       0 |    5597 | 100.0 |       0 |      16 | 100.0
    Volcano |       0 |     963 | 100.0 |       0 |       4 | 100.0
            +---------+---------+-------+---------+---------+-------

Levels and vault maps discovered:
D:1:      matt_arrival_refuge, layout_basic
D:2:      minmay_spotlight, layout_rooms, basic_ecumenical_altar, basic_altar,
          patterned_corridor
D:3:      minmay_evil_eye, layout_rooms, serial_shops,
          nicolae_shop_window_shopping, nicolae_eternal_life
D:4:      layout_basic, mainiacjoe_overflow_brackets,
          minmay_temple_entry_from_below_a, minmay_starry_boxes,
          uniq_crazy_yiuf_cottage
D:5:      layout_rooms, lemuel_doored_altar, uniq_sigmund
D:6:      layout_loops_ring, nicolae_overflow_hidden_temple, nzn_random_ring
D:7:      minmay_the_grid_octo_triangle [minmay_the_grid_octo_toaster,
          minmay_the_grid_octo_prize_big_c, minmay_the_grid_octo_thin_diamonds],
          layout_basic, serial_shops, kennysheep_mini_moat,
          nicolae_shop_real_fake_doors, nicolae_shop_advertising_works
          [nicolae_subvault_shop_adworks], shop, nicolae_shop_mannequins,
          uniq_duvessa
D:8:      lemuel_ratsnest, layout_basic, pf_just_have_faith,
          nicolae_ossuary_entry_monument, uniq_joseph
D:9:      layout_basic, lightli_temple_of_fire, erik_lair_orcish_takeover,
          serial_shops, nicolae_shop_tiny_real_fake_doors
D:10:     layout_roguey, elyvilon_altar_4, grunt_gozag_statues,
          muffindrake_ghost_dual_entry, chequers_serial_rivers_small_3,
          serial_bayou_pond_c, chequers_avenue
D:11:     layout_loops_ring
D:12:     layout_irregular_city, nicolae_trove_entry_crossroad,
          minmay_misc_feat_columns, uniq_rupert, uniq_nergalle, uniq_azrael
Temple:   minmay_temple_curvy_branch
Lair:1:   dreamdust_cave_troll, layout_gridlike, basic_altar, minivault_26,
          beast_lair_carwin_6, serial_bayou_shore_b
Lair:2:   layout_regular_city
Lair:3:   layout_roguey, swamp_mist, minmay_snake_entry_guardpost_small,
          nzn_ghost_randoct, uniq_sonja
Lair:4:   layout_roguey, dpeg_slime_entry_corner, nicolae_volcano_entry_s_turn,
          pdpol_lair_neglected_garden, chequers_serial_rivers_micro_d
Lair:5:   due_jungle_book, layout_loops_ring, special_room [special_room_bee],
          nicolae_lair_yak_garden
Snake:1:  layout_chambers, minmay_shop_grid_forest, lemuel_fruit_tree,
          grunt_megastairs_3
Snake:2:  layout_gridlike, serial_shops, shop, nicolae_shop_behind_doors,
          nicolae_shop_tiny_real_fake_doors, nicolae_shop_just_a_little_nook,
          minmay_shoptagon
Snake:3:  onia_ninara_swampy_vault, layout_misc_corridors,
          portal_ice_cave_entry_pillars_four, basic_altar,
          nicolae_snake_snake_lake
Orc:1:    minmay_goldmine, layout_caves, basic_altar,
          gammafunk_ghost_stat_death, nicolae_orc_sculptors_studio,
          nicolae_orc_lost_temple
Orc:2:    grunt_orc_gardens, layout_caves, grunt_orc_garden, grunt_orc_garden,
          grunt_orc_garden, grunt_orc_garden
IceCv:    ice_cave_tombish
